AoeStats
← tan_boi

Arena

508806591Analyzed
4v4 RM · 9d ago on Sep 24, 2026· 109m 13s· 8 players
Game mode
Random Map
Map size
Large (8 player)
Population
200
Speed
Normal
Resources
Standard
Victory
Conquest
Starting age
Dark Age
Ending age
Imperial Age
RankedLock teamsTeams togetherTeam positionsShared explorationLock speedFull tech treeHidden civsTurbo modeCheats
Victory
Defeat
🇨🇳 Spanish · China
535
+12
🇨🇴 Bohemians · Colombia
527
+12
🇨🇳 Teutons · China
446
+15
🇦🇺 Gurjaras · Australia
431
+16
🇺🇸 Turks · United States
528
-18
🇺🇸 Bohemians · United States
446
-14
🇺🇸 Koreans · United States
403
-12
🇺🇸 Wu · United States
366
-11
TenderCrust5
11:18 Feudal Age
17:52 Double-Bit Axe
20:49 Castle Age
22:58 Scale Mail Armor
23:09 Forging
22:50 Fletching
23:36 Horse Collar
24:40 Bow Saw
24:31 Gold Mining
24:33 Stone Mining
25:11 Heavy Plow
26:46 Caravan
27:33 Stone Shaft Mining
30:16 Squires
37:07 Imperial Age
35:16 Wheelbarrow
36:45 Ballistics
36:47 Murder Holes
38:06 Chain Mail Armor
38:28 Iron Casting
39:10 Chemistry
39:52 Elite Fire Lancer
45:29 Gold Shaft Mining
46:14 Masonry
48:43 Elite War Wagon
50:07 Plate Mail Armor
Jarvis
1:24 Loom
1:45 Loom
11:42 Feudal Age
13:12 Horse Collar
17:06 Wheelbarrow
20:29 Castle Age
20:45 Double-Bit Axe
22:22 Bow Saw
22:14 Heavy Plow
24:34 Fervor
26:15 Hand Cart
27:18 Hand Cart
27:24 Hand Cart
31:54 Wagenburg Tactics
32:25 Arson
32:40 Squires
32:01 Pikeman
33:04 Redemption
34:56 Ballistics
35:39 Chemistry
40:19 Imperial Age
41:01 Forging
40:52 Scale Mail Armor
40:42 Fletching
40:52 Padded Archer Armor
40:59 Scale Barding Armor
40:27 Houfnice
42:44 Two-Man Saw
42:41 Conscription
49:21 Hussite Reforms
50:00 Coinage
49:05 Elite Hussite Wagon
49:08 Halberdier
57:17 Leather Archer Armor
56:57 Bodkin Arrow
57:38 Iron Casting
57:18 Chain Mail Armor
60:12 Block Printing
59:53 Herbal Medicine
60:33 Theocracy
60:20 Sanctity
60:21 Heresy
60:01 Devotion
60:02 Atonement
60:28 Illumination
60:50 Bracer
61:51 Blast Furnace
61:21 Plate Mail Armor
61:34 Illumination
61:09 Devotion
61:30 Heresy
61:11 Atonement
61:51 Sanctity
64:33 Banking
64:55 Ring Archer Armor
64:56 Plate Mail Armor
64:31 Scale Barding Armor
64:07 Elite Skirmisher
83:55 Faith
90:20 Chain Barding Armor
97:51 Murder Holes
98:17 Bombard Tower
98:09 Masonry
108:28 Caravan
tan_boi
17:29 Feudal Age
33:41 Man-at-Arms
40:39 Castle Age
41:54 Squires
42:04 Horse Collar
46:01 Long Swordsman
Biscuit
1:35 Loom
14:39 Feudal Age
14:48 Feudal Age
15:52 Town Watch
23:22 Castle Age
23:56 Gold Mining
23:55 Double-Bit Axe
23:52 Horse Collar
24:05 Stone Mining
24:57 Forging
24:48 Scale Mail Armor
24:53 Scale Barding Armor
24:50 Padded Archer Armor
24:50 Fletching
27:13 Bow Saw
27:51 Town Patrol
30:14 Caravan
30:47 Coinage
39:31 Iron Casting
39:12 Chain Mail Armor
39:17 Chain Barding Armor
38:53 Bodkin Arrow
39:13 Leather Archer Armor
43:37 Imperial Age
43:56 Wheelbarrow
49:50 Conscription
54:05 Artillery
57:06 Banking
56:50 Guilds
57:25 Thumb Ring
58:30 Ballistics
58:01 Guard Tower
57:58 Arrowslits
59:24 Fortified Wall
59:38 Bombard Tower
72:34 Heated Shot
72:25 Treadmill Crane
72:56 Masonry
73:23 Keep
73:09 Shipwright
75:41 Heavy Plow
83:46 Hand Cart
90:59 Parthian Tactics
GOG
10:41 Loom
13:30 Feudal Age
14:41 Horse Collar
17:36 Double-Bit Axe
18:36 Wheelbarrow
21:28 Castle Age
20:11 Gold Mining
20:26 Stone Mining
22:49 Heavy Plow
23:32 Hand Cart
23:31 Bow Saw
24:01 Stone Shaft Mining
29:42 Hand Cart
39:23 Imperial Age
37:52 Gold Shaft Mining
41:02 Scale Barding Armor
41:08 Forging
45:13 Conscription
48:08 Elite Chakram Thrower
52:08 Chain Barding Armor
52:23 Iron Casting
58:51 Plate Barding Armor
58:18 Padded Archer Armor
60:59 Leather Archer Armor
60:35 Fletching
60:18 Heavy Camel Rider
61:28 Bloodlines
61:19 Husbandry
63:00 Bodkin Arrow
62:47 Elite Elephant Archer
63:50 Thumb Ring
65:30 Frontier Guards
65:23 Kshatriyas
71:21 Light Cavalry
73:48 Caravan
80:45 Hussar
95:29 Chemistry
临喻
8:40 Loom
10:35 Feudal Age
12:02 Double-Bit Axe
12:47 Horse Collar
13:57 Gold Mining
15:25 Wheelbarrow
17:20 Town Watch
20:23 Castle Age
18:59 Fletching
19:10 Padded Archer Armor
21:31 Bow Saw
21:36 Stone Mining
21:55 Heavy Plow
24:26 Stone Shaft Mining
27:26 Thumb Ring
28:19 Hand Cart
30:44 Town Patrol
30:50 Town Patrol
32:36 Ballistics
32:28 Fortified Wall
32:29 Masonry
36:47 Imperial Age
36:29 Guard Tower
36:35 Murder Holes
36:20 Elite Skirmisher
37:15 Inquisition
38:55 Bloodlines
38:45 Husbandry
38:06 Light Cavalry
39:55 Chemistry
39:31 Keep
39:27 Architecture
39:16 Block Printing
39:19 Redemption
39:24 Fervor
40:08 Theocracy
40:03 Elite Conquistador
41:04 Supremacy
41:05 Conscription
40:38 Hussar
48:21 Leather Archer Armor
48:01 Bodkin Arrow
48:17 Forging
48:12 Scale Barding Armor
49:21 Caravan
49:13 Arrowslits
49:49 Bombard Tower
62:57 Ring Archer Armor
62:28 Bracer
63:03 Iron Casting
62:49 Chain Barding Armor
62:29 Scale Mail Armor
67:44 Blast Furnace
67:20 Plate Barding Armor
71:17 Heavy Mounted Crossbowman
74:44 Two-Man Saw
87:41 Chain Mail Armor
105:50 Capped Ram
106:47 Siege Ram
Caligula
0:34 Loom
14:38 Feudal Age
15:04 Double-Bit Axe
15:03 Horse Collar
16:09 Wheelbarrow
16:39 Town Watch
26:42 Castle Age
27:42 Bow Saw
27:45 Heavy Plow
28:03 Hand Cart
31:49 Town Patrol
34:17 Murder Holes
36:30 Fortified Wall
36:35 Masonry
41:42 Imperial Age
39:22 Pikeman
40:03 Squires
43:31 Two-Man Saw
43:38 Chemistry
43:08 Conscription
44:11 Architecture
58:34 Husbandry
57:55 Light Cavalry
57:56 Cavalier
60:07 Halberdier
60:08 Man-at-Arms
60:34 Arson
61:10 Caravan
61:28 Houfnice
66:21 Guilds
66:42 Coinage
70:44 Coinage
73:06 Elite Hussite Wagon
73:52 Wagenburg Tactics
73:19 Sappers
73:55 Hussite Reforms
83:37 Scale Barding Armor
83:33 Scale Mail Armor
83:44 Forging
83:24 Fletching
83:35 Padded Archer Armor
83:05 Heavy Scorpion
83:06 Onager
83:06 Capped Ram
88:58 Chain Barding Armor
88:54 Chain Mail Armor
89:14 Iron Casting
88:35 Bodkin Arrow
88:55 Leather Archer Armor
104:51 Plate Mail Armor
105:21 Blast Furnace
104:22 Bracer
104:52 Ring Archer Armor
掰开腿饮水
0:38 Loom
12:17 Feudal Age
13:43 Wheelbarrow
13:02 Town Watch
13:29 Double-Bit Axe
13:28 Horse Collar
15:59 Man-at-Arms
25:03 Castle Age
24:43 Stone Mining
24:49 Gold Mining
25:54 Heavy Plow
25:36 Pikeman
26:19 Squires
27:12 Hand Cart
28:42 Stone Shaft Mining
35:17 Imperial Age
35:38 Town Patrol
37:43 Elite Teutonic Knight
38:46 Ironclad
39:49 Forging
39:29 Fletching
39:40 Padded Archer Armor
47:48 Crenellations
51:10 Elite Skirmisher
55:34 Cavalier
68:44 Hoardings
77:26 Fortified Wall
93:43 Bow Saw
94:11 Guard Tower
94:17 Arrowslits
97:38 Caravan
101:22 Cavalier
103:01 Heavy Scorpion
103:06 Capped Ram
Connection lost

Rejoining the realm…

Still unreachable

The connection could not be restored.

Session expired

The server has moved on; the page needs a fresh start.